 Dungeon Crawl Stone Soup version 0.29-a0-234-g0dae59b3db (webtiles) character file.

Game seed: 17054989626404511918

11794 Strat the Fighter (level 11, -1/90 HPs)
             Began as a Barachi Summoner on Mar 1, 2022.
             Was a Priest of Sif Muna.
             Shot with an arrow by a centaur warrior (8 damage)
             ... on level 10 of the Dungeon on Mar 2, 2022.
             The game lasted 00:40:27 (16691 turns).

Strat the Fighter (Barachi Summoner)               Turns: 16691, Time: 00:40:27

Health: -1/90      AC: 15    Str: 15    XL:     11   Next: 83%
Magic:  9/21       EV: 14    Int: 19    God:    Sif Muna [***...]
Gold:   630        SH:  0    Dex: 12    Spells: 8/24 levels left

rFire   . . .      SeeInvis +   a - +4 scimitar
rCold   . . .      Faith    .   (no shield)
rNeg    . . .      Spirit   .   C - +2 leather armour {rPois}
rPois   +          Reflect  .   q - +2 helmet
rElec   .          Harm     .   s - +0 cloak
rCorr   .          Rampage  .   e - +0 pair of gloves of Kekk {Str+4 Stlth+}
Will    .....                   (no boots)
Stlth   +++.......              (no amulet)
HPRegen 0.25/turn               y - ring of see invisible
MPRegen 0.17/turn               r - +4 ring of protection

@: slow
A: amphibious, slowness 1, strong legs 1, +LOS
a: Hop, Renounce Religion, Channel Magic, Forget Spell


You were on level 10 of the Dungeon.
You worshipped Sif Muna.
Sif Muna was most pleased with you.
You visited 2 branches of the dungeon, and saw 11 of its levels.

You collected 651 gold pieces.
You spent 21 gold pieces at shops.

Inventory:

Hand Weapons
 a - a +4 scimitar (weapon)
 b - a +2 whip of venom
 k - a +3 hunting sling of flaming
 A - a +0 falchion of electrocution
Missiles
 d - 357 stones
 l - 10 boomerangs
 w - 45 poisoned darts
Armour
 e - the +0 pair of gloves of Kekk (worn) {Str+4 Stlth+}
   (You acquired it on level 4 of the Dungeon)

   Str:       It affects your strength (+4).
   Stlth:     It makes you more stealthy.
 j - a +0 kite shield
 q - a +2 helmet (worn)
 s - a +0 cloak (worn)
 C - a +2 leather armour of poison resistance (worn)
Jewellery
 r - a +4 ring of protection (right hand)
 y - a ring of see invisible (left hand)
Wands
 c - a wand of acid (15)
 g - a wand of flame (16)
 v - a wand of mindburst (12)
 x - a wand of digging (1)
 B - a wand of iceblast (8)
Scrolls
 f - 7 scrolls of identify
 m - 3 scrolls of teleportation
 u - a scroll of magic mapping
Potions
 h - 2 potions of mutation
 i - 2 potions of flight
 o - a potion of heal wounds
 p - 2 potions of haste
 t - a potion of magic
 z - a potion of brilliance


   Skills:
 - Level 10.0 Fighting
 + Level 0.0 Long Blades
 - Level 2.7 Maces & Flails
 + Level 7.2 Armour
 - Level 8.1 Dodging
 - Level 1.7 Stealth
 - Level 7.0 Spellcasting
 - Level 3.0 Hexes
 - Level 10.0 Summonings
 - Level 4.0 Air Magic
 - Level 7.0 Invocations


You had 8 spell levels left.
You knew the following spells:

 Your Spells              Type           Power      Damage    Failure   Level
a - Summon Small Mammal   Summ           100%       N/A       1%          1
b - Call Imp              Summ           44%        N/A       1%          2
c - Call Canine Familiar  Summ           44%        N/A       1%          3
d - Summon Guardian Gole  Hex/Summ       31%        N/A       2%          3
e - Summon Lightning Spi  Summ/Air       33%        N/A       7%          4
f - Confusing Touch       Hex            18%        N/A       11%         3

Your spell library contained the following spells:

 Spells                   Type           Power      Damage    Failure   Level
 Magic Dart               Conj           24%        1d4       12%         1
 Searing Ray              Conj           12%        2d4       19%         2
 Portal Projectile        Hex/Tloc       24%        N/A       19%         3
 Fulminant Prism          Conj/Hex       6%         3d7       54%         4
 Leda's Liquefaction      Hex/Erth       6%         N/A       54%         4
 Yara's Violent Unravell  Hex/Tmut       6%         3d5       87%         5
 Enfeeble                 Hex            9%         N/A       100%        7


Dungeon Overview and Level Annotations

Branches:
Dungeon (10/15)            Temple (1/1) D:6            Lair (0/6) D:8
    Orc (0/2) D:10

Altars:
Ashenzari
Cheibriados
Dithmenos
Elyvilon
Fedhas
Gozag
Hepliaklqana
Kikubaaqudgha
Makhleb
Nemelex Xobeh
Okawaru
Qazlal
Sif Muna
Trog
Uskayaw
Vehumet
Wu Jian
Xom
Yredelemnul
Zin
The Shining One
Beogh

Shops:
D:6 *

Annotations:
D:2 1 runed translucent door, Crazy Yiuf
D:6 2 runed translucent doors, ParaBellum's ghost, novice HuBe


Innate Abilities, Weirdness & Mutations

You are amphibious.
You cover ground slowly.
You can hop short distances.
You have an extended range of vision and can be seen from far away.


Message History

Aim: a centaur warrior, wielding a +2 longbow of flaming (moderately wounded, ally target) Attack!
The centaur warrior unwields a +2 longbow of flaming.
It stops flaming.
The centaur warrior wields a +0 mace.
The centaur warrior hits your wolf with a +0 mace!
The centaur warrior kicks your wolf.
Your wolf bites the centaur warrior.
Your guardian golem overheats!
The centaur warrior unwields a +0 mace.
The centaur warrior wields a +2 longbow of flaming.
It bursts into flame!
The centaur warrior shoots an arrow.
The arrow hits your wolf!! The arrow burns your wolf.
Your wolf dies!
Your wolf's corpse disappears in a puff of smoke!
Flame seeps out of your guardian golem.
The centaur warrior shoots an arrow.
The arrow hits your guardian golem!
Your guardian golem disappears in a puff of smoke!
Your guardian golem explodes!
The fiery explosion engulfs your lightning spire.
Your lightning spire resists.
Your lightning spire is engulfed in blazing flames.
Casting: Call Canine Familiar (safe; 1% risk of failure)
Confirm with . or Enter, or press ? or * to list all spells.
A guardian golem appears, shielding your allies.
The centaur warrior shoots an arrow.
The arrow hits you!!
* * * LOW HITPOINT WARNING * * *
The arrow burns you!
* * * LOW HITPOINT WARNING * * *
You feel much better.
The centaur warrior shoots an arrow.
The arrow hits you.
* * * LOW HITPOINT WARNING * * *
The arrow burns you.
* * * LOW HITPOINT WARNING * * *
Your lightning spire is engulfed in blazing flames.
Your lightning spire shoots out a bolt of lightning at the centaur warrior!
The bolt of electricity hits the centaur warrior!
The centaur warrior shoots an arrow.
The arrow hits your lightning spire.
Your lightning spire is engulfed in blazing flames.
The centaur warrior shoots an arrow.
The arrow hits you!!
* * * LOW HITPOINT WARNING * * *
The arrow burns you!
You die...

....# ####.................
....###...[..[...............
....<..)..[..................
..######..)..................
### #.....................
#.....................
###...^...............
###.....9...c.......
####.@....☼.......
####..8.§...... #######.....
###


You could see a centaur warrior (ally target), a friendly guardian golem
(summoned) and a friendly lightning spire (summoned, sheltered).

Vanquished Creatures
  A hornet (D:8)
  A troll (D:9)
  A vampire (D:10)
  2 shadows (D:10)
  Eustachio (D:5)
  5 yaks
  2 water moccasins (D:8)
  An ice beast (D:4)
  3 orc warriors
  A black bear (D:7)
  3 sky beasts
  An ogre (D:5)
  A centaur (D:9)
  3 phantoms
  2 kobold brigands
  2 bullfrogs (D:6)
  2 necrophages
  4 scorpions
  4 wights
  A howler monkey (D:9)
  A jelly (D:4)
  3 hounds
  6 orc priests
  Jessica (D:3)
  5 orc wizards
  Natasha (D:3)
  Terence (D:3)
  Ijyb (D:3)
  5 iguanas
  3 ogre zombies (D:10)
  A gnoll (D:5)
  7 adders
  2 shadow imps
  2 white imps
  2 dart slugs
  12 orcs
  6 ball pythons
  3 endoplasms
  3 giant cockroaches
  7 goblins
  4 hobgoblins
  11 kobolds
  2 quokkas
  5 bats
  A frilled lizard (D:2)
  A goblin zombie (D:10)
  A hobgoblin skeleton (D:10)
  A hobgoblin zombie (D:10)
  An orc skeleton (D:10)
  10 orc zombies (D:10)
  A rat (D:3)
151 creatures vanquished.

Vanquished Creatures (collateral kills)
  A skeletal warrior (D:10)
  A freezing wraith (D:10)
  A meliai (D:10)
  A yak (D:10)
  2 basilisks (D:8)
  4 vampire mosquitoes (D:10)
  A steam dragon (D:9)
  3 water moccasins
  An ice beast (D:5)
  An ogre (D:6)
  2 centaurs
  A phantom (D:5)
  A necrophage (D:4)
  2 scorpions
  2 bullfrogs
  6 wights
  A troll zombie (D:10)
  2 howler monkeys (D:5)
  2 orc priests
  A hound (D:7)
  2 jellies
  3 orc wizards
  Natasha (twice) (D:3)
  2 ogre zombies (D:10)
  Robin (D:2)
  A gnoll (D:5)
  5 adders
  An ufetubus (D:6)
  A worm (D:2)
  2 dart slugs
  15 orcs
  2 bats
  An endoplasm (D:3)
  A giant cockroach (D:2)
  2 hobgoblins
  2 frilled lizards
  4 goblins (D:2)
  4 kobolds (D:8)
  2 orc skeletons (D:10)
  2 orc zombies (D:10)
91 creatures vanquished.

Vanquished Creatures (others)
  A two-headed ogre (D:9)
  An orc knight (D:10)
  A manticore (D:10)
  A wyvern (D:8)
  5 yaks
  A basilisk (D:8)
  A water moccasin (D:8)
  2 orc warriors
  An ogre (D:5)
  A kobold brigand (D:8)
  A gnoll sergeant (D:5)
  3 wights
  An iguana (D:5)
  An orc wizard (D:9)
  A gnoll (D:5)
  An orc (D:8)
  A hobgoblin skeleton (D:10)
  2 bushes (D:8)
  6 fungi
  27 plants
59 creatures vanquished.

Grand Total: 301 creatures vanquished

Notes
Turn   | Place    | Note
-------+----------+-------------------------------------------
     0 | D:1      | Strat the Barachi Summoner began the quest for the Orb.
     0 | D:1      | Reached XP level 1. HP: 13/13 MP: 3/3
    19 | D:1      | Found a bloodstained altar of Trog.
   161 | D:1      | Reached skill level 5 in Summonings
   828 | D:1      | Reached XP level 2. HP: 18/19 MP: 3/5
   853 | D:1      | Learned a level 2 spell: Call Imp
  1550 | D:2      | Reached XP level 3. HP: 20/24 MP: 1/6
  2219 | D:2      | Reached skill level 1 in Armour
  2222 | D:2      | Reached skill level 1 in Fighting
  2277 | D:2      | Noticed Robin
  2320 | D:2      | Killed Robin
  2446 | D:2      | Found a runed translucent door.
  2447 | D:2      | Noticed Crazy Yiuf
  2670 | D:2      | Reached XP level 4. HP: 32/32 MP: 4/7
  2806 | D:2      | Found a faded altar of an unknown god.
  2886 | D:3      | Learned a level 3 spell: Call Canine Familiar
  3050 | D:3      | Noticed a scorpion
  3058 | D:3      | Killed a scorpion
  3059 | D:3      | Reached XP level 5. HP: 11/39 MP: 3/8
  3324 | D:3      | Noticed Ijyb
  3367 | D:3      | Killed Ijyb
  3650 | D:3      | Noticed Natasha
  3657 | D:3      | Killed Natasha
  3687 | D:3      | Noticed Natasha
  3770 | D:3      | Killed Natasha
  3793 | D:3      | Noticed Natasha
  3800 | D:3      | Killed Natasha
  3801 | D:3      | Reached XP level 6. HP: 36/47 MP: 9/9
  3990 | D:3      | Noticed Terence
  4216 | D:3      | Killed Terence
  4289 | D:3      | Noticed Jessica
  4303 | D:3      | Killed Jessica
  5230 | D:4      | Reached XP level 7. HP: 35/54 MP: 8/10
  5387 | D:4      | Learned a level 3 spell: Summon Guardian Golem
  5592 | D:4      | Reached skill level 1 in Hexes
  5897 | D:4      | Identified a scroll of acquirement
  5897 | D:4      | Acquired the +0 pair of gloves of Kekk {Str+4 Stlth+}
  6488 | D:4      | Reached XP level 8. HP: 41/60 MP: 10/12
  6645 | D:4      | Found an ornate altar of the Wu Jian Council.
  6877 | D:5      | Entered Level 5 of the Dungeon
  7373 | D:5      | Reached skill level 5 in Fighting
  7584 | D:5      | Identified the +0 whip "Capn" {venom, *Corrode Int+3
                  | Stlth+}
  7602 | D:5      | Found a radiant altar of Vehumet.
  7602 | D:5      | Found a shimmering altar of Xom.
  7713 | D:5      | Noticed Eustachio
  7725 | D:5      | Killed Eustachio
  7961 | D:5      | Reached skill level 5 in Dodging
  8351 | D:5      | Reached XP level 9. HP: 69/69 MP: 7/15
  8661 | D:6      | Found a staircase to the Ecumenical Temple.
  8849 | D:6      | Found a large runed translucent door.
  8849 | D:6      | Found a large runed translucent door.
  8853 | D:6      | Noticed ParaBellum's ghost (novice HuBe)
  8907 | D:6      | Reached skill level 5 in Spellcasting
  8980 | D:6      | Found a bloodstained altar of Trog.
  9275 | Temple   | Entered the Ecumenical Temple
  9411 | Temple   | Became a worshipper of Sif Muna the Loreminder
  9536 | D:6      | Found Wualadec's Assorted Antiques.
  9539 | D:6      | Bought a scroll labelled GUISOF XIMABO for 21 gold pieces
 10000 | D:7      | Found a broken altar of Ashenzari.
 10045 | D:7      | Reached skill level 10 in Fighting
 10331 | D:7      | Learned a level 4 spell: Summon Lightning Spire
 10335 | D:7      | Learned a level 3 spell: Confusing Touch
 10499 | D:7      | Reached skill level 1 in Air Magic
 10499 | D:7      | Reached XP level 10. HP: 47/85 MP: 12/17
 10916 | D:7      | Reached skill level 5 in Armour
 10993 | D:7      | Found a shadowy altar of Dithmenos.
 10994 | D:7      | Found an iron altar of Okawaru.
 11439 | D:8      | Reached * piety under Sif Muna
 12458 | D:8      | Reached skill level 10 in Summonings
 13033 | D:8      | Found a hide-covered altar of Uskayaw.
 13100 | D:8      | Reached skill level 1 in Maces & Flails
 13104 | D:8      | Paralysed by a hornet for 2 turns
 13175 | D:8      | Reached XP level 11. HP: 77/90 MP: 19/19
 13250 | D:8      | Found a staircase to the Lair.
 13712 | D:9      | Noticed a two-headed ogre
 13755 | D:9      | Killed a two-headed ogre
 14297 | D:9      | Reached ** piety under Sif Muna
 14555 | D:9      | Identified the +3 chain mail of the Decaying God {rCorr
                  | Dex+4}
 15005 | D:10     | Entered Level 10 of the Dungeon
 15092 | D:10     | Found a staircase to the Orcish Mines.
 15132 | D:10     | Upgraded the game from 0.29-a0-233-g1125b37a9b to
                  | 0.29-a0-234-g0dae59b3db
 15371 | D:10     | Reached *** piety under Sif Muna
 15396 | D:10     | Noticed a manticore
 15598 | D:10     | Noticed an orc knight
 15599 | D:10     | Noticed a skeletal warrior
 15605 | D:10     | Noticed a manticore
 15605 | D:10     | Noticed a centaur warrior
 15615 | D:10     | Noticed a boulder beetle
 15620 | D:10     | Reached skill level 5 in Invocations
 16184 | D:10     | Killed a skeletal warrior
 16259 | D:10     | Killed a manticore
 16311 | D:10     | Noticed an orc knight
 16327 | D:10     | Killed an orc knight
 16691 | D:10     | Shot with an arrow by a centaur warrior

Illustrated notes

Levels and vault maps discovered:
D:1:      dpeg_arrival_water_altar, layout_loops_corners
D:2:      layout_loops_ring, hellmonk_ecumenical_altar_inner_sanctum,
          minmay_shallow_snake_nest, uniq_robin, uniq_crazy_yiuf_cottage
D:3:      layout_loops_ring, minmay_crystal_water, kennysheep_orc_chapel,
          uniq_ijyb, uniq_natasha, uniq_terence, uniq_jessica
D:4:      layout_loops_corners, nicolae_wu_jian_glorious_leap
D:5:      minmay_clustersquares, layout_loops_ring,
          gammafunk_temple_overflow_statue, st_stairs_1, uniq_eustachio
D:6:      layout_basic, bloody_trog, minmay_temple_entry_gardened_gates,
          serial_shops, kennysheep_mini_moat, ebering_ghost_disaster_area
D:7:      layout_cave_pools, old_standard_altar,
          mainiacjoe_overflow_divided_tiny, minmay_starry_boxes
D:8:      layout_basic, lemuel_tele_altar, minmay_lair_entry_grove
D:9:      layout_small_grid, minmay_misc_feat_iff, nicolae_fountain_basement
D:10:     layout_cave_pods, nicolae_ru_the_path_less_chosen, zombieorc1_lemuel,
          minivault_28
Temple:   dshaligram_water_room_temple

Skill      XL: |  1  2  3  4  5  6  7  8  9 10 11 |
---------------+----------------------------------+-----
Summonings     | 5 6 7 9 10 | 10.0
Armour         | 1 2 3 4 7 |  7.2
Fighting       | 1 2 3 4 6 10 | 10.0
Hexes          | 3 |  3.0
Spellcasting   | 4 5 7 |  7.0
Dodging        | 6 8 |  8.1
Air Magic      | 1 4 |  4.0
Maces & Flails | 2 |  2.7
Invocations    | 7 |  7.0
Stealth        | |  1.7

Action                   |  1- 3 |  4- 6 |  7- 9 | 10-12 || total
-------------------------+-------+-------+-------+-------++-------
Melee: Whip              |    62 |    92 |   250 |   152 ||   556
       Punch             |     1 |     2 |     7 |     1 ||    11
       Scimitar          |       |       |       |   129 ||   129
 Fire: Hunting sling     |       |       |     1 |       ||     1
 Cast: Summon Small Mamm |    17 |       |       |       ||    17
       Call Imp          |     9 |    16 |    21 |     4 ||    50
       Call Canine Famil |       |       |    24 |    32 ||    56
       Summon Guardian G |       |       |    10 |    50 ||    60
       Summon Lightning  |       |       |       |    21 ||    21
 Abil: Hop               |       |       |     1 |       ||     1
Evoke: Wand              |       |     3 |     1 |     1 ||     5
  Use: Scroll            |       |    10 |     7 |     3 ||    20
       Potion            |       |       |     1 |     2 ||     3
 Stab: Sleeping          |       |     3 |     6 |     1 ||    10
       Distracted        |       |       |     4 |     2 ||     6
Armor: Robe              |     6 |       |       |       ||     6
       Leather armour    |    15 |    37 |    89 |   134 ||   275
Dodge: Dodged            |    46 |    52 |   134 |   237 ||   469

Table legend: (Time is in decaauts)
 A = Elapsed time spent in this place.
 B = Non-inter-level travel time spent in this place.
 C = Inter-level travel time spent in this place.
 D = Time resting spent in this place.
 E = Time spent auto-exploring this place.
 F = Levels seen in this place.
 G = Mean time per level.
                   A        B        C        D        E       F      G
               +--------+--------+--------+--------+--------+-----+--------+
         Total |  18366 |  17782 |    584 |   6024 |   7261 |  11 | 1669.6 |
       Dungeon |  18183 |  17626 |    557 |   6024 |   7194 |  10 | 1818.3 |
        Temple |    182 |    156 |     26 |      0 |     67 |   1 |  182.0 |
               +--------+--------+--------+--------+--------+-----+--------+

Top non-repeatable levels by time:
     D:4: 2319 daAuts
     D:9: 2182 daAuts
     D:5: 1980 daAuts
     D:7: 1929 daAuts
     D:3: 1922 daAuts
     D:8: 1882 daAuts
     D:2: 1829 daAuts
     D:1: 1515 daAuts
     D:6: 1366 daAuts
    D:10: 1256 daAuts
  Temple: 182 daAuts
